 Dungeon Crawl Stone Soup version 0.26-a0-651-gb41185065b (webtiles) character file.

Game seed: 2369986897413071843

1604 Ozzies the Skirmisher (level 8, -1/87 HPs)
             Began as a Troll Monk on Oct 3, 2020.
             Was a Believer of Ru.
             Slain by a killer bee (4 damage)
             ... on level 7 of the Dungeon.
             The game lasted 00:09:09 (4829 turns).

Ozzies the Skirmisher (Troll Monk)                  Turns: 4829, Time: 00:09:10

Health: -1/87      AC:  7    Str: 22    XL:     8   Next: 63%
Magic:  7/7        EV: 11    Int:  6    God:    Ru [**....]
Gold:   474        SH:  0    Dex: 12    Spells: 7/7 levels left

rFire    . . .     SeeInvis .     - Unarmed
rCold    . . .     Faith    .   (no shield)
rNeg     . . .     Spirit   .   a - +0 robe
rPois    .         Reflect  .   (helmet restricted)
rElec    .         Harm     .   r - +0 cloak
rCorr    .         Rampage  .   (gloves unavailable)
MR       .....                  (boots unavailable)
Stlth    +.........             (no amulet)
HPRegen  0.64/turn              (no ring)
MPRegen  0.10/turn              (no ring)

@: lethally poisoned (-1 -> -4)
A: large, unfitting armour, claws 3, regeneration 1, shaggy fur 1, tough skin 3,
unskilled 1
a: Renounce Religion


You were on level 7 of the Dungeon.
You worshipped Ru.
Ru was pleased with you.
You visited 1 branch of the dungeon, and saw 7 of its levels.

You collected 474 gold pieces.

Inventory:

Missiles
 h - 55 poisoned darts (quivered)
 s - a throwing net
Armour
 a - a +0 robe (worn)
 r - a +0 cloak (worn)
Jewellery
 i - an uncursed ring of wizardry {unknown}
Wands
 y - a wand of random effects (17)
 B - a wand of enslavement (8)
Scrolls
 e - 3 scrolls of enchant armour {unknown}
 f - a scroll of fear {unknown}
 j - 6 scrolls of identify {unknown}
 k - a scroll of enchant weapon {unknown}
 m - 4 scrolls of teleportation {unknown}
 n - 2 scrolls of blinking {unknown}
 o - a scroll of random uselessness {unknown}
 t - a scroll of immolation {unknown}
 u - a scroll of remove curse {unknown}
 v - 2 scrolls of fog {unknown}
 x - a scroll of vulnerability {unknown}
 A - a scroll of magic mapping {unknown}
Potions
 b - a potion of might {unknown}
 c - a potion of lignification {unknown}
 d - a potion of curing
 g - a potion of magic {unknown}
 l - a potion of heal wounds {unknown}
 p - 2 potions of berserk rage {unknown}
 q - a potion of degeneration {unknown}
 w - a potion of invisibility {unknown}
 z - 2 potions of mutation {unknown}


   Skills:
 * Level 7.4 Fighting
 + Level 2.5 Throwing
 + Level 3.3 Dodging
 - Level 0.9 Stealth
 + Level 4.1 Unarmed Combat


You had 7 spell levels left.
You didn't know any spells.
Your spell library was empty.

Dungeon Overview and Level Annotations

Branches:
Dungeon (7/15)             Temple (0/1) D:7

Altars:
Dithmenos
Fedhas
Qazlal
Ru
Sif Muna
Trog
Vehumet
Wu Jian
Xom
Yredelemnul

Shops:
D:4 [

Annotations:
D:4 2 transporters, exclusion: oklob plant, Irenicus's ghost, amateur DDBe


Innate Abilities, Weirdness & Mutations

You are too large for most types of armour.
You have claws for hands.
Your natural rate of healing is unusually fast.
You are covered in fur. (AC +1)
You have extremely tough skin. (AC +3)
You are somewhat unskilled. (-1 Apt)


Message History

* * * LOW HITPOINT WARNING * * *
The killer bee closely misses you. x2; The killer bee misses you.
You feel better. The killer bee misses you. The killer bee stings you.
* * * LOW HITPOINT WARNING * * *
You are poisoned.
The killer bee poisons you! The killer bee stings you.
* * * LOW HITPOINT WARNING * * *
The killer bee barely misses you. The killer bee stings you.
* * * LOW HITPOINT WARNING * * *
The killer bee barely misses you.
The killer bee stings you but does no damage.
You feel sick. The killer bee completely misses you. The killer bee misses you.
There is a stone staircase leading up here.
The killer bee stings you.
* * * LOW HITPOINT WARNING * * *
You are more poisoned.
The killer bee poisons you! The killer bee stings you!
* * * LOW HITPOINT WARNING * * *
The killer bee stings you.
You die...

#..#####...#
#....# #...#
##...# #...###
.##..###.....#
......##..##.#
#..#...#..##.###
........#......###
.######...#....Yy#
...####.#...)Oyy@#
##...##.#.#....yy#
###.............#
####.#..).....#
#.......##.##
#.......##..#
#.......###.##
#.......###..#
#............#


You could see a sky beast, an ogre and 5 killer bees.

Vanquished Creatures
  Eustachio (D:5)
  A sky beast (D:5)
  A phantom (D:3)
  A centaur (D:6)
  A bullfrog (D:7)
  3 killer bees (D:6)
  3 wights (D:6)
  A howler monkey (D:6)
  A bullfrog zombie (D:6)
  A hound (D:4)
  A quasit (D:6)
  3 orc priests
  6 orc wizards
  A bullfrog skeleton (D:5)
  A jelly (D:5)
  2 worker ants
  An iguana (D:4)
  A killer bee zombie (D:7)
  A worker ant zombie (D:6)
  8 adders
  7 gnolls
  A white imp (D:6)
  2 oozes
  An adder zombie (D:5)
  2 worms
  A dart slug (D:5)
  3 leopard geckos (D:3)
  18 orcs
  7 bats
  6 giant cockroaches
  4 goblins
  8 hobgoblins
  7 jackals (D:3)
  4 quokkas
  A ball python (D:3)
  6 frilled lizards
  A giant cockroach zombie (D:5)
  5 kobolds
  A quokka skeleton (D:5)
  A rat (D:2)
125 creatures vanquished.

Vanquished Creatures (others)
  A wizard (D:3)
  A centaur (D:5)
2 creatures vanquished.

Grand Total: 127 creatures vanquished

Notes
Turn   | Place    | Note
-------+----------+-------------------------------------------
     0 | D:1      | Ozzies the Troll Monk began the quest for the Orb.
     0 | D:1      | Reached XP level 1. HP: 22/22 MP: 0/0
     7 | D:1      | Noticed a stone giant
     7 | D:1      | Noticed a hell rat
     7 | D:1      | Noticed a soldier ant
     7 | D:1      | Noticed an iguana
   137 | D:1      | Reached XP level 2. HP: 27/29 MP: 1/1
   320 | D:1      | Reached skill level 3 in Fighting
   610 | D:2      | Reached XP level 3. HP: 30/37 MP: 2/2
   923 | D:2      | Reached skill level 4 in Fighting
   923 | D:2      | Reached XP level 4. HP: 46/48 MP: 3/3
  1325 | D:3      | Reached XP level 5. HP: 27/55 MP: 4/4
  1380 | D:3      | Found a bloodstained altar of Trog.
  1391 | D:3      | Noticed a phantom
  1420 | D:3      | Killed a phantom
  1420 | D:3      | Reached skill level 5 in Fighting
  1480 | D:3      | Found a shadowy altar of Dithmenos.
  1482 | D:3      | Found a basalt altar of Yredelemnul.
  1627 | D:3      | Reached XP level 6. HP: 66/66 MP: 5/5
  1783 | D:3      | Noticed a wizard
  1787 | D:3      | Killed a wizard
  1910 | D:4      | Reached skill level 6 in Fighting
  2063 | D:4      | Found Xilalaf's Armour Boutique.
  2194 | D:4      | Found a transporter.
  2197 | D:4      | Found a transporter.
  2197 | D:4      | Noticed Irenicus's ghost (amateur DDBe)
  2253 | D:4      | Found a blossoming altar of Fedhas.
  2272 | D:4      | Noticed an oklob plant
  2578 | D:5      | Entered Level 5 of the Dungeon
  2717 | D:5      | Found an ornate altar of the Wu Jian Council.
  2733 | D:5      | Reached XP level 7. HP: 75/76 MP: 6/6
  2844 | D:5      | Noticed Eustachio
  2873 | D:5      | Killed Eustachio
  2873 | D:5      | Reached skill level 7 in Fighting
  2899 | D:5      | Found a radiant altar of Vehumet.
  2902 | D:5      | Found a shimmering altar of Xom.
  2904 | D:5      | Found a sacrificial altar of Ru.
  2950 | D:5      | Became a worshipper of Ru the Awakened
  2956 | D:5      | Gained mutation: You are somewhat unskilled. (-1 Apt) [Ru
                  | sacrifice]
  2956 | D:5      | Reduced skill Fighting to level 6
  2956 | D:5      | Reached * piety under Ru
  2956 | D:5      | Reached ** piety under Ru
  3007 | D:5      | Reached skill level 1 in Throwing
  3335 | D:5      | Found a stormy altar of Qazlal.
  3814 | D:6      | Reached XP level 8. HP: 78/84 MP: 7/7
  3862 | D:6      | Found a shimmering blue altar of Sif Muna.
  4141 | D:6      | Reached skill level 7 in Fighting
  4685 | D:7      | Found a staircase to the Ecumenical Temple.
  4829 | D:7      | HP: 3/87 [killer bee (7)]
  4829 | D:7      | Slain by a killer bee

Illustrated notes

Levels and vault maps discovered:
D:1:      onia_arrival_zoo_common, layout_basic, minmay_misc_feat_chi
D:2:      layout_rooms
D:3:      layout_loops_cross, nicolae_overflow_hidden_temple, trog_wizard
D:4:      layout_gridville, tgw_fedhas, gammafunk_ghost_mausoleum, serial_shops,
          shop, hangedman_decor_opposing, minmay_bisected
D:5:      layout_loops_corners, grunt_temple_overflow_open,
          nicolae_overflow_crystal_walls, lemuel_coloured_pillars_altar,
          item_on_display_a, uniq_eustachio
D:6:      layout_basic, marbit_many_paths
D:7:      layout_rooms, minmay_temple_entry_waves

Skill      XL: |  1  2  3  4  5  6  7  8 |
---------------+-------------------------+-----
Fighting       | 3 4 5 6 6 7 |  7.4
Stealth        | 0 |  0.9
Unarmed Combat | 3 4 |  4.1
Throwing       | 1 2 |  2.5
Dodging        | 3 |  3.3

Action                   |  1- 3 |  4- 6 |  7- 9 || total
-------------------------+-------+-------+-------++-------
Melee: Unarmed           |    77 |   201 |   196 ||   474
       Punch             |     1 |     1 |     6 ||     8
Throw: Dart              |       |     5 |       ||     5
Invok: Sacrifice Skill   |       |       |     1 ||     1
  Use: Potion            |       |       |     3 ||     3
 Stab: Sleeping          |     3 |     5 |       ||     8
       Distracted        |     1 |     1 |       ||     2
       Invisible         |       |       |     2 ||     2
Armor: Robe              |    27 |    60 |    93 ||   180
Dodge: Dodged            |    39 |    73 |   152 ||   264

Table legend: (Time is in decaauts)
 A = Elapsed time spent in this place.
 B = Non-inter-level travel time spent in this place.
 C = Inter-level travel time spent in this place.
 D = Time resting spent in this place.
 E = Time spent auto-exploring this place.
 F = Levels seen in this place.
 G = Mean time per level.
                   A        B        C        D        E       F      G
               +--------+--------+--------+--------+--------+-----+--------+
         Total |   4809 |   4588 |    221 |     91 |   3478 |   7 |  687.0 |
       Dungeon |   4809 |   4588 |    221 |     91 |   3478 |   7 |  687.0 |
               +--------+--------+--------+--------+--------+-----+--------+

Top non-repeatable levels by time:
     D:5: 1172 daAuts
     D:3: 799 daAuts
     D:6: 739 daAuts
     D:4: 675 daAuts
     D:1: 586 daAuts
     D:2: 506 daAuts
     D:7: 330 daAuts
